[Event "55th Rubinstein Memorial-B 2019"]
[Site "Polanica-Zdroj"]
[Date "2019.08.17"]
[Round "1.1"]
[White "Grubiak, Roman"]
[Black "Janocha, Wieslaw"]
[Result "0-1"]
[ECO "A48"]
[WhiteElo "1694"]
[BlackElo "2264"]
[Annotator "ChessBase"]
[PlyCount "73"]
[EventDate "2019.08.17"]
[EventType "swiss"]
[EventCountry "POL"]
[SourceTitle "playchess.com"]
[Source "ChessBase"]
[SourceQuality "1"]
[TimeControl "40/5400+30:1800+30"]

1. d4 Nf6 2. Nf3 g6 3. Nc3 d5 4. Bf4 Bg7 5. e3 O-O 6. Be2 b6 7. Nb5 Na6 8. c3 Nh5 9. Bg5 h6 10. Bh4 g5 11. Ne5 Nf6 12. Bg3 Ne4 13. f3 Nxg3 14. hxg3 f6 15. Ng4 Bxg4 16. fxg4 c6 17. Na3 Nc7 18. Qd3 Qd6 19. Rh3 e5 20. Qg6 exd4 21. Nc2 c5 22. Bd3 Rf7 23. O-O-O dxc3 24. b3 Kf8 25. e4 d4 26. Bc4 Ne6 27. Ne3 Qe5 28. Nc2 Re7 29. Rdh1 Nf4 30. Qh7 Ne6 31. Ne1 Ke8 32. Nd3 Nf8 33. Qg8 Qd6 34. Re1 Kd8 35. Rhh1 Kc7 36. e5 fxe5 37. Rhf1 0-1

[Event "55th Rubinstein Memorial-B 2019"]
[Site "Polanica-Zdroj"]
[Date "2019.08.17"]
[Round "1.2"]
[White "Shilov, Sergej"]
[Black "Tomalak, Stanislaw"]
[Result "1-0"]
[ECO "C27"]
[WhiteElo "2129"]
[BlackElo "1694"]
[Annotator "ChessBase"]
[PlyCount "24"]
[EventDate "2019.08.17"]
[EventType "swiss"]
[EventCountry "POL"]
[SourceTitle "playchess.com"]
[Source "ChessBase"]
[SourceQuality "1"]
[TimeControl "40/5400+30:1800+30"]

1. e4 e5 2. Nc3 Nf6 3. Bc4 Nxe4 4. Qh5 Nd6 5. Bb3 Be7 6. Nf3 Nc6 7. Ne4 O-O 8. Nxd6 cxd6 9. h4 Qe8 10. Ng5 h6 11. Qg6 Bxg5 12. hxg5 Qe6 1-0

[Event "55th Rubinstein Memorial-B 2019"]
[Site "Polanica-Zdroj"]
[Date "2019.08.17"]
[Round "1.3"]
[White "Sobotka, Jan"]
[Black "Marusenko, Petr"]
[Result "1-0"]
[ECO "B17"]
[WhiteElo "1660"]
[BlackElo "2124"]
[Annotator "ChessBase"]
[PlyCount "87"]
[EventDate "2019.08.17"]
[EventType "swiss"]
[EventCountry "POL"]
[SourceTitle "playchess.com"]
[Source "ChessBase"]
[SourceQuality "1"]
[TimeControl "40/5400+30:1800+30"]

1. e4 c6 2. d4 d5 3. Nc3 dxe4 4. Nxe4 Nd7 5. Nf3 Ngf6 6. Ng3 e6 7. c4 Bb4+ 8. Bd2 Qa5 9. Bd3 O-O 10. O-O Bxd2 11. Nxd2 c5 12. Nb3 Qc7 13. Qc2 b6 14. Rad1 Bb7 15. Rfe1 Rfd8 16. dxc5 bxc5 17. Ne4 Nxe4 18. Bxe4 Bxe4 19. Qxe4 Nf6 20. Qf3 Rab8 21. Rxd8+ Rxd8 22. Rd1 Rxd1+ 23. Qxd1 h5 24. h3 Qe5 25. Qd2 g5 26. Qe3 Qxe3 27. fxe3 Ne4 28. Kf1 Kg7 29. Ke2 Kf6 30. Na5 Kf5 31. Nc6 a6 32. a4 g4 33. h4 Nd6 34. b3 Ke4 35. Nb8 f5 36. Nxa6 Nb7 37. b4 cxb4 38. Nxb4 e5 39. Nc6 f4 40. a5 Nc5 41. Nb4 f3+ 42. gxf3+ gxf3+ 43. Kf2 Kf5 44. Kxf3 1-0

[Event "55th Rubinstein Memorial-B 2019"]
[Site "Polanica-Zdroj"]
[Date "2019.08.17"]
[Round "1.4"]
[White "Klimaszewski, Dariusz"]
[Black "Marek, Eugeniusz"]
[Result "1-0"]
[ECO "B13"]
[WhiteElo "2152"]
[BlackElo "1648"]
[Annotator "ChessBase"]
[PlyCount "101"]
[EventDate "2019.08.17"]
[EventType "swiss"]
[EventCountry "POL"]
[SourceTitle "playchess.com"]
[Source "ChessBase"]
[SourceQuality "1"]
[TimeControl "40/5400+30:1800+30"]

1. e4 c6 2. d4 d5 3. exd5 cxd5 4. Bd3 Nf6 5. h3 Nc6 6. c3 e6 7. Nf3 Bd6 8. O-O O-O 9. Re1 Bd7 10. Nbd2 Qc7 11. Qe2 Nh5 12. g3 g6 13. Ne5 Rad8 14. Ndf3 Bc8 15. Bh6 Ng7 16. Qd2 f6 17. Nxc6 bxc6 18. c4 Rfe8 19. c5 Bf8 20. Bf4 Qf7 21. b4 Nh5 22. Bf1 Nxf4 23. Qxf4 g5 24. Qd2 Qh5 25. g4 Qf7 26. a4 h6 27. b5 e5 28. dxe5 Bg7 29. Nd4 Bb7 30. e6 Qe7 31. Rac1 Qc7 32. Bd3 Bf8 33. Bg6 Re7 34. Qd3 Rg7 35. Bf7+ Rxf7 36. exf7+ Qxf7 37. Re6 cxb5 38. axb5 Bc8 39. Re2 h5 40. Nc6 Rd7 41. b6 axb6 42. cxb6 Bb7 43. Nd4 hxg4 44. hxg4 Bd6 45. Nf5 Qh7 46. Re8+ Bf8 47. Rc7 Rxc7 48. bxc7 Qd7 49. Ne7+ Kh8 50. Rxf8+ Kg7 51. Rg8+ {[%emt 0:33:23] Qd8} 1-0

[Event "55th Rubinstein Memorial-B 2019"]
[Site "Polanica-Zdroj"]
[Date "2019.08.18"]
[Round "2.1"]
[White "Janocha, Wieslaw"]
[Black "Filar, Slawomir"]
[Result "1-0"]
[ECO "B19"]
[WhiteElo "2264"]
[BlackElo "1809"]
[Annotator "NA"]
[PlyCount "99"]
[EventDate "2019.08.17"]
[EventType "swiss"]
[EventCountry "POL"]
[SourceTitle "playchess.com"]
[Source "ChessBase"]
[SourceQuality "1"]
[TimeControl "40/5400+30:1800+30"]

1. e4 c6 2. Nc3 d5 3. d4 dxe4 4. Nxe4 Bf5 5. Ng3 Bg6 6. Nf3 Nd7 7. h4 h6 8. h5 Bh7 9. Bd3 Bxd3 10. Qxd3 e6 11. Bf4 Qa5+ 12. Bd2 Qc7 13. O-O-O O-O-O 14. Ne4 Ngf6 15. g3 Nxe4 16. Qxe4 Nf6 17. Qe2 c5 18. dxc5 Bxc5 19. Rh4 Kb8 20. Bf4 Bd6 21. Rxd6 Rxd6 22. Ne5 Nd5 23. Nxf7 Nxf4 24. Rxf4 Re8 25. Nxd6 Qxd6 26. Rf7 Re7 27. Rf8+ Kc7 28. Qc4+ Qc6 29. Qxc6+ Kxc6 30. Kd2 Kd5 31. Ke3 Rd7 32. f4 Kd6 33. Re8 Rc7 34. c3 Kd7 35. Rg8 Kd6 36. Kd4 Rd7 37. Ke4 Rf7 38. Rd8+ Ke7 39. Ra8 a6 40. g4 Kf6 41. Rc8 Rd7 $18 42. Rc5 Ke7 43. Ke5 Kf7 44. a4 Ke7 45. a5 Kf7 46. b4 Ke7 47. c4 Kf7 48. b5 axb5 49. cxb5 Ke7 50. b6 1-0

[Event "55th Rubinstein Memorial-B 2019"]
[Site "Polanica-Zdroj"]
[Date "2019.08.18"]
[Round "2.2"]
[White "Solek, Zenon"]
[Black "Shilov, Sergej"]
[Result "0-1"]
[ECO "B29"]
[WhiteElo "1782"]
[BlackElo "2129"]
[Annotator "NA"]
[PlyCount "64"]
[EventDate "2019.08.17"]
[EventType "swiss"]
[EventCountry "POL"]
[SourceTitle "playchess.com"]
[Source "ChessBase"]
[SourceQuality "1"]
[TimeControl "40/5400+30:1800+30"]

1. e4 c5 2. Nf3 Nf6 3. e5 Nd5 4. c4 Nb6 5. d3 d5 6. exd6 Qxd6 7. Nc3 e5 8. Be2 Nc6 9. a4 Bf5 10. a5 Nc8 11. Be3 Nd4 12. Nxd4 cxd4 13. Nb5 Qd7 14. Bd2 Nd6 15. Na3 Be7 16. O-O O-O 17. b4 e4 18. Qb3 Be6 19. Rfd1 f5 20. Nc2 Bf6 21. Qa4 Qf7 22. Bf4 exd3 23. Bxd3 Nxc4 24. Rab1 Rfd8 25. a6 b6 26. Qb5 g5 27. Bc1 Rac8 28. Bxf5 Nd6 29. Bxe6 Nxb5 30. Bxf7+ Kxf7 31. Rd2 d3 32. Ne3 Nc3 0-1

[Event "55th Rubinstein Memorial-B 2019"]
[Site "Polanica-Zdroj"]
[Date "2019.08.18"]
[Round "2.3"]
[White "Kolinski, Stanislaw"]
[Black "Klimaszewski, Dariusz"]
[Result "0-1"]
[ECO "B39"]
[WhiteElo "1755"]
[BlackElo "2152"]
[Annotator "NA"]
[PlyCount "82"]
[EventDate "2019.08.17"]
[EventType "swiss"]
[EventCountry "POL"]
[SourceTitle "playchess.com"]
[Source "ChessBase"]
[SourceQuality "1"]
[TimeControl "40/5400+30:1800+30"]

1. c4 c5 2. Nf3 Nf6 3. d4 cxd4 4. Nxd4 Nc6 5. Nc3 g6 6. e4 $14 Bg7 7. Be3 Ng4 8. Qxg4 Nxd4 9. Qd1 Ne6 10. Qd2 Qa5 11. Nd1 Qxd2+ 12. Bxd2 b6 13. Bc3 Bxc3+ 14. Nxc3 Nd4 15. Bd3 Ba6 16. O-O Rc8 17. b3 e5 18. f4 Nc6 19. Nd5 O-O 20. fxe5 Kg7 21. Rf2 Nxe5 22. Be2 Bb7 23. Nf6 h5 24. Rd1 Rfd8 25. g4 hxg4 26. Nxg4 Nxg4 27. Bxg4 Bxe4 28. Rxd7 Rxd7 29. Bxd7 Rd8 30. Bg4 Rd3 31. Be2 Re3 32. Bd1 f5 33. Rd2 Kf6 34. b4 Ke5 35. Bb3 Re1+ 36. Kf2 Rh1 37. Kg3 f4+ 38. Kg4 Rg1+ 39. Kh4 Bf3 40. c5 g5+ 41. Kh3 Bg4# 0-1

[Event "55th Rubinstein Memorial-B 2019"]
[Site "Polanica-Zdroj"]
[Date "2019.08.18"]
[Round "2.4"]
[White "Fainberg, Boris"]
[Black "Kozlowski, Janusz"]
[Result "0-1"]
[ECO "A46"]
[WhiteElo "2030"]
[BlackElo "1781"]
[Annotator "NA"]
[PlyCount "53"]
[EventDate "2019.08.17"]
[EventType "swiss"]
[EventCountry "POL"]
[SourceTitle "playchess.com"]
[Source "ChessBase"]
[SourceQuality "1"]
[TimeControl "40/5400+30:1800+30"]

1. d4 Nf6 2. Nf3 d5 3. c4 e6 4. e3 Be7 5. Nc3 O-O 6. Bd3 c6 7. O-O Nbd7 8. b3 Bd6 9. Bb2 e5 10. cxd5 exd4 11. exd4 cxd5 12. Re1 a6 13. Rc1 Re8 14. Rxe8+ Qxe8 15. Qc2 Nf8 16. Re1 Qd8 17. Ne5 Bd7 18. a3 Rc8 19. Qd2 Qc7 20. h3 Ne6 21. Nxd7 Qxd7 22. Na4 Re8 23. Bf5 Qb5 24. Qc2 Nxd4 25. Rxe8+ Qxe8 26. Qd1 Nxf5 27. g3 0-1

[Event "55th Rubinstein Memorial-B 2019"]
[Site "Polanica-Zdroj"]
[Date "2019.08.18"]
[Round "2.5"]
[White "Galyga, Jozef"]
[Black "Meizlin, Yaacov"]
[Result "1-0"]
[ECO "A05"]
[WhiteElo "1754"]
[BlackElo "2027"]
[Annotator "NA"]
[PlyCount "119"]
[EventDate "2019.08.17"]
[EventType "swiss"]
[EventCountry "POL"]
[SourceTitle "playchess.com"]
[Source "ChessBase"]
[SourceQuality "1"]
[TimeControl "40/5400+30:1800+30"]

1. Nf3 Nf6 2. b3 d6 3. Bb2 e5 4. d3 Be7 5. e4 O-O 6. Be2 h6 7. Nbd2 Be6 8. O-O c6 9. d4 exd4 10. Nxd4 Bd7 11. Re1 a5 12. a3 Na6 13. Bf3 Nh7 14. Nf1 Bf6 15. Rb1 g6 16. Bg4 Nc5 17. f4 Re8 18. Bf3 Qc7 19. Qd2 Rad8 20. Kh1 Bg7 21. b4 Na4 22. Ba1 axb4 23. axb4 b5 24. Nb3 Bxa1 25. Rxa1 Nf8 26. Rad1 Nb2 27. Qxd6 Qc8 28. Ra1 Bg4 29. Qf6 Bxf3 30. gxf3 Na4 31. Rad1 Rxd1 32. Rxd1 Qh3 33. Ng3 h5 34. Nd4 h4 35. Nge2 Nb2 36. Rg1 Nc4 37. f5 Nd7 38. Qg5 Nce5 39. Nf4 Nxf3 40. Nxh3 Nxg5 41. Nxg5 c5 42. bxc5 Nxc5 43. Nxb5 Nxe4 44. Nxe4 Rxe4 45. fxg6 fxg6 46. Rxg6+ Kh7 47. Rg1 Re2 48. Rc1 Re5 49. c4 Rc5 50. Nd6 Kg6 51. Rg1+ Kh5 52. Kg2 Kg4 53. Re1 Ra5 54. Re4+ Kh5 55. Kf3 Ra2 56. h3 Ra3+ 57. Re3 Ra1 58. Re5+ Kg6 59. Kg4 Rd1 60. Rd5 1-0

[Event "55th Rubinstein Memorial-B 2019"]
[Site "Polanica-Zdroj"]
[Date "2019.08.19"]
[Round "3.1"]
[White "Dembowski, Andrzej"]
[Black "Janocha, Wieslaw"]
[Result "0-1"]
[ECO "A05"]
[WhiteElo "1840"]
[BlackElo "2264"]
[Annotator "NA"]
[PlyCount "76"]
[EventDate "2019.08.17"]
[EventType "swiss"]
[EventCountry "POL"]
[SourceTitle "playchess.com"]
[Source "ChessBase"]
[SourceQuality "1"]
[TimeControl "40/5400+30:1800+30"]

1. Nf3 Nf6 2. g3 g6 3. Bg2 Bg7 4. d3 d5 5. Nbd2 O-O 6. c3 c5 7. O-O Nc6 8. e4 e5 9. Qc2 Re8 10. h3 h6 11. Rd1 Be6 12. Nf1 Qd7 13. Kh2 Rad8 14. Ne3 d4 15. cxd4 cxd4 16. Nc4 Rc8 17. Qe2 Qc7 18. b3 b5 19. Na3 a6 20. Bb2 Nd7 21. Rdc1 Bf8 22. Rc2 Nc5 23. Qd2 Qb6 24. Rcc1 a5 25. Nc2 b4 26. Nce1 Bg7 27. Qd1 Qb5 28. Bf1 Nxe4 29. Qe2 Nc3 30. Bxc3 dxc3 31. Qe3 e4 32. Nh4 g5 33. Nhg2 Bd4 34. Qe2 exd3 35. Nxd3 Bxb3 36. Qh5 Bc4 37. Qd1 c2 38. Qxc2 Bxa1 0-1

[Event "55th Rubinstein Memorial-B 2019"]
[Site "Polanica-Zdroj"]
[Date "2019.08.19"]
[Round "3.2"]
[White "Shilov, Sergej"]
[Black "Czuchnicki, Jan"]
[Result "1-0"]
[ECO "E84"]
[WhiteElo "2129"]
[BlackElo "1849"]
[Annotator "NA"]
[PlyCount "71"]
[EventDate "2019.08.17"]
[EventType "swiss"]
[EventCountry "POL"]
[SourceTitle "playchess.com"]
[Source "ChessBase"]
[SourceQuality "1"]
[TimeControl "40/5400+30:1800+30"]

1. d4 Nf6 2. c4 g6 3. Nc3 Bg7 4. e4 d6 5. f3 O-O 6. Be3 a6 7. Qd2 Nc6 8. Nge2 Rb8 9. g4 b5 10. Bh6 e5 11. Bxg7 Kxg7 12. d5 Ne7 13. Ng3 b4 14. Nd1 Nd7 15. h4 h6 16. Nf2 Nc5 17. Nd3 Nxd3+ 18. Bxd3 c6 19. O-O-O Qb6 20. Rdg1 Rh8 21. g5 h5 22. f4 Bg4 23. Rf1 Rhf8 24. Kb1 a5 25. Be2 Bd7 26. fxe5 dxe5 27. Bxh5 cxd5 28. cxd5 a4 29. Rf6 Qa7 30. Be2 a3 31. b3 Ng8 32. Rff1 Qc5 33. Bc4 Ne7 34. h5 Rbe8 35. Qh2 Rh8 36. d6 1-0

[Event "55th Rubinstein Memorial-B 2019"]
[Site "Polanica-Zdroj"]
[Date "2019.08.19"]
[Round "3.4"]
[White "Kozlowski, Janusz"]
[Black "Drazek, Wladyslaw"]
[Result "1-0"]
[ECO "B17"]
[WhiteElo "1781"]
[BlackElo "1864"]
[Annotator "NA"]
[PlyCount "101"]
[EventDate "2019.08.17"]
[EventType "swiss"]
[EventCountry "POL"]
[SourceTitle "playchess.com"]
[Source "ChessBase"]
[SourceQuality "1"]
[TimeControl "40/5400+30:1800+30"]

1. e4 c6 2. d4 d5 3. Nd2 dxe4 4. Nxe4 Nd7 5. Nf3 Ndf6 6. Ng3 e6 7. Bd3 Bd6 8. c3 Ne7 9. O-O Ng6 10. Bg5 Be7 11. Qc2 Nd5 12. Bxe7 Qxe7 13. Rfe1 O-O 14. h4 Rd8 15. h5 Nf8 16. Rad1 Qc7 17. Ne5 b6 18. Qc1 f6 19. Nf3 Bd7 20. h6 g6 21. Bb1 Qf4 22. Qxf4 Nxf4 23. Ne4 Kf7 24. c4 Ke7 25. g3 Nh5 26. g4 Nf4 27. g5 Nh3+ 28. Kh2 Nxg5 29. Nexg5 fxg5 30. Nxg5 b5 31. cxb5 cxb5 32. d5 Bc8 33. Re3 Kf6 34. Ne4+ Ke5 35. Nc3+ Kf6 36. Rf3+ Kg5 37. Nxb5 exd5 38. Nc7 Rb8 39. Rxd5+ Rxd5 40. Nxd5 Bb7 41. Rb3 Rd8 42. Rxb7 Rxd5 43. Rxa7 Kxh6 44. Kg3 Ne6 45. b4 Kg5 46. Rxh7 Rd4 47. Rb7 Rd1 48. Be4 Kf6 49. a4 Rd4 50. f3 g5 51. a5 1-0

[Event "55th Rubinstein Memorial-B 2019"]
[Site "Polanica-Zdroj"]
[Date "2019.08.19"]
[Round "3.5"]
[White "Idesis, Yaacov"]
[Black "Galyga, Jozef"]
[Result "1/2-1/2"]
[ECO "A13"]
[WhiteElo "1856"]
[BlackElo "1754"]
[Annotator "NA"]
[PlyCount "85"]
[EventDate "2019.08.17"]
[EventType "swiss"]
[EventCountry "POL"]
[SourceTitle "playchess.com"]
[Source "ChessBase"]
[SourceQuality "1"]
[TimeControl "40/5400+30:1800+30"]

1. c4 e6 2. Nc3 f5 3. g3 Nf6 4. Bg2 Be7 5. e3 O-O 6. Nge2 d5 7. cxd5 exd5 8. d4 c6 9. O-O Bd6 10. a3 a5 11. Qc2 Na6 12. Bd2 Kh8 13. Rae1 Nc7 14. Na4 Ne6 15. Nc5 Qe7 16. b4 axb4 17. axb4 Ng5 18. Ra1 Rxa1 19. Rxa1 Nge4 20. Be1 Ng4 21. Ra3 Qg5 22. Nf4 Qh6 23. h3 g5 24. hxg4 gxf4 25. exf4 fxg4 26. Re3 Qg6 27. Nxe4 dxe4 28. Bxe4 Bf5 29. Bc3 Bxe4 30. Qxe4 Qxe4 31. Rxe4 Kg8 32. Re6 Rd8 33. Kg2 Bf8 34. f3 gxf3+ 35. Kxf3 Kf7 36. f5 Ra8 37. Re3 Ra4 38. g4 Bxb4 39. Bb2 Be7 40. Rb3 Rb4 41. Rxb4 Bxb4 42. g5 Bd2 43. Kg4 1/2-1/2

[Event "55th Rubinstein Memorial-B 2019"]
[Site "Polanica-Zdroj"]
[Date "2019.08.19"]
[Round "3.6"]
[White "Margovsky, Naum"]
[Black "Kwiecien, Zbigniew"]
[Result "0-1"]
[ECO "E10"]
[WhiteElo "2002"]
[BlackElo "2024"]
[Annotator "NA"]
[PlyCount "149"]
[EventDate "2019.08.17"]
[EventType "swiss"]
[EventCountry "POL"]
[SourceTitle "playchess.com"]
[Source "ChessBase"]
[SourceQuality "1"]
[TimeControl "40/5400+30:1800+30"]

1. d4 Nf6 2. c4 e6 3. Nf3 d5 4. g3 c6 5. b3 Be7 6. Bg2 O-O 7. O-O Re8 8. Bb2 Nbd7 9. Nbd2 Nf8 10. Qc2 h6 11. Rad1 Bd6 12. Ne5 N6d7 13. f4 f6 14. Nd3 f5 15. Ne5 Nf6 16. c5 Bb8 17. h3 g5 18. e3 Re7 19. Kh2 Rg7 20. Rg1 g4 21. h4 Nh5 22. Bf1 Bxe5 23. dxe5 Ng6 24. Be2 Nxh4 25. Rh1 Bd7 26. Nf1 Nf3+ 27. Kg2 Be8 28. Bxf3 gxf3+ 29. Kxf3 Rg4 30. Rh3 Ng7 31. Qh2 h5 32. Bc3 Qe7 33. Bd4 a5 34. Rb1 b6 35. cxb6 c5 36. b7 Qxb7 37. Bxc5 d4+ 38. Kf2 Qe4 39. Rc1 Rc8 40. exd4 Bc6 41. Rc3 Qb1 42. Kg1 Bb5 43. Rf3 Bc6 44. Re3 Bb5 45. Qf2 Bxf1 46. Qxf1 Qxf1+ 47. Kxf1 Kf7 48. Rh2 Rh8 49. a3 h4 50. Rf3 Nh5 51. gxh4 Nxf4 52. b4 axb4 53. Bxb4 Nh5 54. Rd3 Nf4 55. Rdd2 Nd5 56. Bc5 Rhg8 57. Kf2 Nc3 58. Rc2 Rf4+ 59. Ke3 Nd5+ 60. Kd2 Rg3 61. Rb2 Ne3 62. Rb7+ Kg8 63. Kc1 Rf1+ 64. Kd2 f4 65. d5 Ra1 66. Bxe3 Ra2+ 67. Kd1 Rxh2 68. Bc5 Rd3+ 69. Kc1 Rxd5 70. Bd6 f3 71. Rb8+ Kh7 72. Rf8 f2 73. Rf7+ Kg6 74. Rf6+ Kh5 75. Rf8 0-1

[Event "55th Rubinstein Memorial-B 2019"]
[Site "Polanica-Zdroj"]
[Date "2019.08.20"]
[Round "4.1"]
[White "Janocha, Wieslaw"]
[Black "Shilov, Sergej"]
[Result "1-0"]
[ECO "B06"]
[WhiteElo "2264"]
[BlackElo "2129"]
[Annotator "NA"]
[PlyCount "57"]
[EventDate "2019.08.17"]
[EventType "swiss"]
[EventCountry "POL"]
[SourceTitle "playchess.com"]
[Source "ChessBase"]
[SourceQuality "1"]
[TimeControl "40/5400+30:1800+30"]

1. e4 g6 2. d4 Bg7 3. Nc3 d6 4. f4 d5 5. e5 h5 6. Nf3 Bg4 7. Be3 e6 8. h3 Bxf3 9. Qxf3 Nh6 10. Bf2 h4 11. Bd3 Nd7 12. O-O c6 13. b3 Bf8 14. Ne2 Nf5 15. c4 Ba3 16. Rab1 Be7 17. Rfc1 Kf8 18. Rc2 Kg7 19. Kh2 Rc8 20. cxd5 cxd5 21. Rxc8 Qxc8 22. Rc1 Qd8 23. Bxf5 gxf5 24. Qc3 Ba3 25. Rc2 Qb6 26. Ng1 Nb8 27. Nf3 Be7 28. Qc7 Nc6 29. Rxc6 1-0

[Event "55th Rubinstein Memorial-B 2019"]
[Site "Polanica-Zdroj"]
[Date "2019.08.20"]
[Round "4.2"]
[White "Marszk, Kazimierz"]
[Black "Kozlowski, Janusz"]
[Result "1-0"]
[ECO "C42"]
[WhiteElo "1829"]
[BlackElo "1781"]
[Annotator "NA"]
[PlyCount "89"]
[EventDate "2019.08.17"]
[EventType "swiss"]
[EventCountry "POL"]
[SourceTitle "playchess.com"]
[Source "ChessBase"]
[SourceQuality "1"]
[TimeControl "40/5400+30:1800+30"]

1. e4 e5 2. Nf3 Nf6 3. Nc3 Bb4 4. d3 d5 5. exd5 Nxd5 6. Bd2 Nc6 7. Be2 O-O 8. O-O Bxc3 9. bxc3 Bg4 10. h3 Bh5 11. Rb1 b6 12. c4 Nf4 13. Bxf4 exf4 14. Rb5 Bg6 15. Qa1 Re8 16. Re1 Re6 17. d4 Qe7 18. Kf1 Re8 19. Qd1 a6 20. Rb3 Nb4 21. Rb2 Bh5 22. d5 Re4 23. c3 Bxf3 24. gxf3 Re5 25. Kg2 Qh4 26. Rh1 Qg5+ 27. Kf1 Nxd5 28. cxd5 Rxd5 29. Rd2 Red8 30. Rxd5 Rxd5 31. Qc1 Ra5 32. Bc4 Rc5 33. Qe1 Kf8 34. Bd3 Qd5 35. Qe4 Qxa2 36. Qxh7 Rxc3 37. Kg2 Qd5 38. Qh8+ Ke7 39. Re1+ Kf6 40. Be4 Qg5+ 41. Kh2 Qc5 42. Rg1 Ke7 43. Qh4+ Ke8 44. Rxg7 f5 45. Qh5+ 1-0

[Event "55th Rubinstein Memorial-B 2019"]
[Site "Polanica-Zdroj"]
[Date "2019.08.20"]
[Round "4.3"]
[White "Galyga, Jozef"]
[Black "Klimaszewski, Dariusz"]
[Result "1/2-1/2"]
[ECO "A05"]
[WhiteElo "1754"]
[BlackElo "2152"]
[Annotator "NA"]
[PlyCount "83"]
[EventDate "2019.08.17"]
[EventType "swiss"]
[EventCountry "POL"]
[SourceTitle "playchess.com"]
[Source "ChessBase"]
[SourceQuality "1"]
[TimeControl "40/5400+30:1800+30"]

1. Nf3 Nf6 2. b3 g6 3. Bb2 Bg7 4. e3 O-O 5. Be2 d6 6. O-O e5 7. d3 Nc6 8. Nbd2 Ne8 9. d4 exd4 10. exd4 Ne7 11. Re1 Nf5 12. Nf1 d5 13. Ne5 Ned6 14. c4 Be6 15. c5 Nc8 16. Bd3 Nce7 17. g4 Nh4 18. Ng3 Nc6 19. f4 Nxe5 20. dxe5 f5 21. g5 h6 22. gxh6 Bxh6 23. Rf1 Kh7 24. Bd4 Rg8 25. Kh1 Qe7 26. Qe2 c6 27. Rf2 Rh8 28. b4 a6 29. a4 Kg7 30. Rg1 Kf8 31. Rb1 Kg7 32. Rg1 Kh7 33. Qc2 Rhf8 34. Qb1 Rf7 35. Qc2 Rg8 36. Qb1 Ra8 37. Qc2 Kh8 38. Qb1 Rh7 39. Qc2 Bg7 40. Qb1 Rf8 41. Qd1 g5 42. Nh5 1/2-1/2

[Event "55th Rubinstein Memorial-B 2019"]
[Site "Polanica-Zdroj"]
[Date "2019.08.20"]
[Round "4.4"]
[White "Kwiecien, Zbigniew"]
[Black "Idesis, Yaacov"]
[Result "1/2-1/2"]
[ECO "B15"]
[WhiteElo "2024"]
[BlackElo "1856"]
[Annotator "NA"]
[PlyCount "81"]
[EventDate "2019.08.17"]
[EventType "swiss"]
[EventCountry "POL"]
[SourceTitle "playchess.com"]
[Source "ChessBase"]
[SourceQuality "1"]
[TimeControl "40/5400+30:1800+30"]

1. e4 c6 2. d4 d5 3. Nd2 dxe4 4. Nxe4 Nf6 5. Ng3 e5 6. N1e2 Be7 7. Be3 Ng4 8. Qd2 Nxe3 9. Qxe3 exd4 10. Nxd4 O-O 11. Be2 Re8 12. Qd3 Bf6 13. O-O-O Qd5 14. Kb1 Qxg2 15. Ndf5 Nd7 16. Rhg1 Qxf2 17. Nh5 Qxe2 18. Nfxg7 Qxd3 19. Nxe8+ Qg6 20. Nexf6+ Kf8 21. Rxg6 hxg6 22. Nxd7+ Bxd7 23. Rxd7 Re8 24. Kc1 gxh5 25. Rxb7 Re2 26. Rxa7 Rxh2 27. a4 Rf2 28. Rd7 h4 29. Rd3 Ke7 30. a5 Rf1+ 31. Kd2 Ra1 32. Rh3 Rxa5 33. Rxh4 f5 34. Rh6 Kd7 35. Kd3 Re5 36. b4 Rb5 37. c3 Rd5+ 38. Ke3 Rd1 39. Rf6 Rf1 40. Ke2 Rf4 41. Ke3 1/2-1/2

[Event "55th Rubinstein Memorial-B 2019"]
[Site "Polanica-Zdroj"]
[Date "2019.08.20"]
[Round "4.5"]
[White "Wasylkiewicz, Andrzej"]
[Black "Fainberg, Boris"]
[Result "1/2-1/2"]
[ECO "B26"]
[WhiteElo "1752"]
[BlackElo "2030"]
[Annotator "NA"]
[PlyCount "110"]
[EventDate "2019.08.17"]
[EventType "swiss"]
[EventCountry "POL"]
[SourceTitle "playchess.com"]
[Source "ChessBase"]
[SourceQuality "1"]
[TimeControl "40/5400+30:1800+30"]

1. e4 c5 2. Nc3 Nc6 3. g3 g6 4. Bg2 Bg7 5. d3 d6 6. Be3 Rb8 7. Qd2 Nd4 8. Nd1 Nf6 9. f3 O-O 10. c3 Nc6 11. Ne2 b6 12. d4 cxd4 13. cxd4 Ba6 14. Ndc3 Qd7 15. a3 Na5 16. Qd1 d5 17. e5 Ne8 18. O-O e6 19. b3 Nc7 20. a4 Rfc8 21. Re1 Bf8 22. Bd2 Nc6 23. Be3 Nb4 24. Nf4 Ne8 25. Qd2 Rc6 26. Rec1 Rbc8 27. Bf1 Bxf1 28. Kxf1 Qb7 29. Nfe2 Qa6 30. Nb5 Rc2 31. Rxc2 Rxc2 32. Qd1 Qb7 33. Nbc3 Nc7 34. Bd2 Qa6 35. Nb5 Nxb5 36. axb5 Qxb5 37. Bxb4 Rxe2 38. Qxe2 Qxb4 39. Qd3 a5 40. Ra4 Qe7 41. f4 Qc7 42. Ra1 Bb4 43. g4 Qc6 44. h4 b5 45. h5 Bc3 46. Rc1 b4 47. f5 exf5 48. gxf5 gxf5 49. Qg3+ Kf8 50. Qg5 Qa6+ 51. Kg1 Qd3 52. Qd8+ Kg7 53. h6+ Kxh6 54. Qf8+ Kg6 55. Qg8+ Kh6 1/2-1/2

[Event "55th Rubinstein Memorial-B 2019"]
[Site "Polanica-Zdroj"]
[Date "2019.08.20"]
[Round "4.6"]
[White "Marusenko, Petr"]
[Black "Kolinski, Stanislaw"]
[Result "1-0"]
[ECO "D35"]
[WhiteElo "2124"]
[BlackElo "1755"]
[Annotator "NA"]
[PlyCount "79"]
[EventDate "2019.08.17"]
[EventType "swiss"]
[EventCountry "POL"]
[SourceTitle "playchess.com"]
[Source "ChessBase"]
[SourceQuality "1"]
[TimeControl "40/5400+30:1800+30"]

1. d4 d5 2. c4 e6 3. Nc3 Nf6 4. cxd5 exd5 5. Bg5 Nbd7 6. e3 c6 7. Bd3 Be7 8. Nf3 O-O 9. O-O Re8 10. Qc2 Ne4 11. Bxe4 dxe4 12. Nxe4 Bxg5 13. Nexg5 Nf8 14. Rfe1 h6 15. Ne4 Bf5 16. Nfd2 Ne6 17. Qc3 Nc7 18. Ng3 Nb5 19. Qc5 Be6 20. Nde4 Rc8 21. Nc3 b6 22. Qh5 Nd6 23. Rad1 b5 24. b3 b4 25. Na4 Nb5 26. Rc1 Re7 27. Rc5 Nxd4 28. h3 Bd5 29. Rd1 Bf3 30. Rxd4 Qxd4 31. Qxf3 Qa1+ 32. Kh2 Qxa2 33. Nf5 Re6 34. Qg4 g6 35. Nxh6+ Kf8 36. Qf4 Re7 37. Qf6 Ke8 38. Nxf7 Rcc7 39. Ne5 Rg7 40. Qe6+ 1-0

[Event "55th Rubinstein Memorial-B 2019"]
[Site "Polanica-Zdroj"]
[Date "2019.08.21"]
[Round "5.1"]
[White "Marszk, Kazimierz"]
[Black "Janocha, Wieslaw"]
[Result "1-0"]
[ECO "B20"]
[WhiteElo "1829"]
[BlackElo "2264"]
[Annotator "NA"]
[PlyCount "85"]
[EventDate "2019.08.17"]
[EventType "swiss"]
[EventCountry "POL"]
[SourceTitle "playchess.com"]
[Source "ChessBase"]
[SourceQuality "1"]
[TimeControl "40/5400+30:1800+30"]

1. e4 c5 2. d3 Nc6 3. g3 g6 4. Bg2 Bg7 5. f4 e6 6. Nf3 Nge7 7. O-O O-O 8. c3 Rb8 9. Be3 b6 10. d4 d6 11. Nbd2 cxd4 12. cxd4 d5 13. e5 Ba6 14. Re1 Na5 15. b3 Qd7 16. Bf1 Bxf1 17. Nxf1 Rfc8 18. Rc1 Nf5 19. Qd2 Nc6 20. g4 Nxe3 21. Nxe3 f5 22. exf6 Bxf6 23. g5 Bg7 24. Ng4 Qf7 25. Rxc6 Rxc6 26. Nfe5 Qc7 27. Nxc6 Qxc6 28. Rc1 Qd6 29. Kg2 Rf8 30. Kg3 Kh8 31. Qe3 Kg8 32. Ne5 Re8 33. Rc6 Bxe5 34. Rxd6 Bxd6 35. h4 Kf7 36. h5 Rf8 37. Qd3 Ke7 38. hxg6 Rxf4 39. Kh3 hxg6 40. Qxg6 Rf7 41. Qg8 Rf8 42. Qh7+ Rf7 43. g6 1-0